 Dungeon Crawl Stone Soup version 0.20-a0-837-g0f21a4d (webtiles) character file.

1909 M4edhros the Gusty (level 9, 0/64 HPs)
             Began as a Formicid Air Elementalist on Mar 8, 2017.
             Was a Follower of Dithmenos.
             Slain by a black bear (1 damage)
             ... on level 7 of the Dungeon.
             The game lasted 00:26:41 (14903 turns).

M4edhros the Gusty (Formicid Air Elementalist)     Turns: 14903, Time: 00:26:42

Health: 0/64       AC:  8    Str: 17    XL:     9   Next: 38%
Magic:  16/16      EV: 13    Int: 17    God:    Dithmenos [*.....]
Gold:   330        SH:  0    Dex: 12    Spells: 7/18 levels left

rFire    + . .     SeeInvis +   G - +0 short sword (venom)
rCold    . . .     Gourm    .   a - +0 robe
rNeg     . . .     Faith    .   (no shield)
rPois    +         Spirit   .   (helmet unavailable)
rElec    .         Reflect  .   i - +1 cloak
rCorr    .         Harm     .   j - +0 pair of gloves
MR       .....                  o - +0 pair of boots
Stlth    ++........             (no amulet)
Regen    0.2/turn               F - +1 ring of slaying
MPRegen  0.2/turn               h - +3 ring of slaying

@: wreathed by umbra, very slow
A: permanent stasis, dig shafts and tunnels, four strong arms, antennae 3,
iridescent scales 1, thin skeletal structure 1, clumsy 1, fire resistance 1,
poison resistance, strong 2, evolution 1
a: Dig, Shaft Self, Renounce Religion


You were on level 7 of the Dungeon.
You worshipped Dithmenos.
Dithmenos was aware of your devotion.
You were very hungry.

You visited 2 branches of the dungeon, and saw 8 of its levels.
You also visited: Ossuary.

You collected 330 gold pieces.

Inventory:

Hand Weapons
 n - a +2 hunting sling
 G - a +0 short sword of venom (weapon)
 Q - a +2 dire flail of pain
Missiles
 k - 205 stones (quivered)
 l - 92 sling bullets
 B - 85 arrows
 D - 2 curare-tipped needles
Armour
 a - a +0 robe (worn)
 i - a +1 cloak (worn)
 j - a +0 pair of gloves (worn)
 o - a +0 pair of boots (worn)
Jewellery
 d - the ring of Yfero {rN+ Dex+6}
   (Xom gifted it to you in the Ecumenical Temple)

   [ring of positive energy]

   It affects your dexterity (+6).
   It protects you from negative energy.
 h - a +3 ring of slaying (left hand)
 r - an uncursed ring of wizardry
 x - an uncursed ring of stealth
 A - the ring "Gynel" {rCorr rElec rC+ MR+}
   (Xom gifted it to you in the Ecumenical Temple)

   [ring of resist corrosion]

   It protects you from cold.
   It insulates you from electricity.
   It affects your resistance to hostile enchantments.
 F - a +1 ring of slaying (right hand)
Wands
 t - a wand of paralysis (2/24)
Scrolls
 e - a scroll of recharging {unknown}
 f - 4 scrolls of teleportation
 u - 2 scrolls of remove curse {unknown}
 v - 2 scrolls of enchant armour
 w - 2 scrolls of immolation
 y - a scroll of silence {unknown}
 z - a scroll of amnesia
 C - a scroll of magic mapping
 E - 2 scrolls of blinking {unknown}
 J - a scroll of fear
 N - 3 scrolls of identify
 P - a scroll of fog {unknown}
Potions
 c - 2 potions of haste
 g - 2 potions of berserk rage {unknown}
 m - a potion of flight
 p - a potion of curing {unknown}
 q - 2 potions of invisibility
 K - a potion of ambrosia {unknown}
 L - a potion of might {unknown}
 O - 2 potions of brilliance
Books
 b - a book of Air

   Spells                             Type                      Level
   a - Shock                          Conjuration/Air              1
   b - Swiftness                      Charms/Air                   2
   c - Static Discharge               Conjuration/Air              3
   d - Airstrike                      Air                          4
   e - Lightning Bolt                 Conjuration/Air              5
Comestibles
 s - 2 fruits
 H - 4 bread rations
 I - 2 meat rations
 M - a royal jelly
 R - 6 mutagenic chunks of flesh


   Skills:
 + Level 3.4 Fighting
   Level 2.0 Long Blades
 * Level 5.4 Slings
 + Level 3.2 Dodging
 - Level 2.4 Stealth
 + Level 5.1 Spellcasting
 + Level 4.2 Conjurations
 * Level 5.6 Air Magic


You had 7 spell levels left.
You knew the following spells:

 Your Spells              Type           Power        Failure   Level  Hunger
a - Shock                 Conj/Air       ###.         1%          1    None
b - Swiftness             Chrm/Air       ##......     10%         2    #......
c - Static Discharge      Conj/Air       ###.....     8%          3    ###....
d - Lightning Bolt        Conj/Air       ###.......   58%         5    ######.


Dungeon Overview and Level Annotations

Branches:
Dungeon (7/15)             Temple (1/1) D:6

Altars:
Ashenzari
Cheibriados
Dithmenos
Elyvilon
Fedhas
Gozag
Hepliaklqana
Kikubaaqudgha
Makhleb
Nemelex Xobeh
Okawaru
Qazlal
Ru
Sif Muna
Trog
Uskayaw
Vehumet
Wu Jian
Xom
Yredelemnul
The Shining One

Shops:
D:4 (   D:5 %   D:6 %


Innate Abilities, Weirdness & Mutations

You cannot be hasted, slowed, berserked, paralysed or teleported.
You can dig through walls and to a lower floor.
Your four strong arms can wield two-handed weapons with a shield.
You have a pair of large antennae on your head. (SInv)
You are partially covered in iridescent scales. (AC +2)
You have a somewhat thin skeletal structure. (Dex +2, Stealth)
You are clumsy. (Dex -2)
Your flesh is heat resistant. (rF+)
Your system is resistant to poisons. (rPois)
Your muscles are very strong. (Str +4)
You evolve.


Message History

The black bear claws you. The hound skeleton misses you.
Your unstable footing causes you to fumble your attack.
The black bear goes berserk!
The hound skeleton bites you but does no damage.
Your unstable footing causes you to fumble your attack.
The black bear bites you. The black bear claws you. The black bear misses you.
The hound skeleton closely misses you. The black bear bites you!
* * * LOW HITPOINT WARNING * * *
The black bear claws you but does no damage.
The black bear closely misses you.
Your unstable footing causes you to fumble your attack.
The hound skeleton closely misses you. The black bear closely misses you.
The black bear claws you.
* * * LOW HITPOINT WARNING * * *
The black bear closely misses you.
The hound skeleton completely misses you.
The black bear bites you!
* * * LOW HITPOINT WARNING * * *
The black bear closely misses you. The black bear claws you.
You die...

#########
#........ ##
#........
##...####........
#......Z@........
...#.####h.......
#.......$
#........
#......#..##
######.# .# ...
.. .... . ......


You could see a black bear (berserk) and a hound skeleton.

Vanquished Creatures
  The ghost of M4edhros the Magician, a novice OpWz of Xom (D:6)
  Edmund (D:6)
  2 orc warriors
  A sky beast (D:7)
  An ogre (D:4)
  A centaur (D:5)
  A bullfrog (D:6)
  4 water moccasin zombies (Ossuary)
  A howler monkey (D:5)
  A wight (D:6)
  A crimson imp (D:3)
  The ghost of M4edhros the Magician, a weakling OpWz (D:4)
  A centaur zombie (D:5)
  A hound (D:6)
  Crazy Yiuf (D:2)
  3 orc wizards
  Natasha (thrice) (D:2)
  3 worker ants
  5 big kobold zombies (Ossuary)
  3 mummies
  A worker ant zombie (D:4)
  8 adders
  A shadow imp (D:6)
  An ooze (D:1)
  An adder skeleton (D:4)
  4 adder zombies
  5 dart slugs
  4 leopard geckos
  10 orcs
  5 giant cockroaches
  5 goblins (D:2)
  6 hobgoblins
  7 jackals
  7 kobolds
  A quokka (D:6)
  6 bats
  7 gnoll zombies (Ossuary)
  7 hobgoblin zombies
  4 kobold zombies
  4 orc zombies (Ossuary)
  A quokka skeleton (D:6)
  6 rats
  2 fungi (D:2)
139 creatures vanquished.

Vanquished Creatures (collateral kills)
  2 wights (D:6)
2 creatures vanquished.

Grand Total: 141 creatures vanquished

Notes
Turn   | Place    | Note
-------+----------+-------------------------------------------
     0 | D:1      | M4edhros the Formicid Air Elementalist began the quest for the Orb.
     0 | D:1      | Reached XP level 1. HP: 13/13 MP: 3/3
    19 | D:1      | Reached skill level 1 in Conjurations
   278 | D:1      | Reached XP level 2. HP: 19/19 MP: 1/5
   632 | D:2      | Reached XP level 3. HP: 24/24 MP: 2/6
  1005 | D:3      | Reached XP level 4. HP: 19/30 MP: 0/8
  1354 | D:3      | Found an ornate altar of the Wu Jian Council.
  1445 | D:3      | Reached XP level 5. HP: 22/35 MP: 0/10
  1763 | D:4      | Noticed an ogre
  1776 | D:4      | Killed an ogre
  1776 | D:4      | Reached XP level 6. HP: 41/41 MP: 5/11
  1783 | D:4      | Noticed M4edhros's ghost (weakling OpWz)
  1821 | D:4      | Found Duashro's Weapon Emporium.
  2088 | D:4      | Killed M4edhros's ghost
  2647 | D:1      | Learned a level 2 spell: Swiftness
  2651 | D:1      | Learned a level 3 spell: Static Discharge
  3132 | D:5      | Entered Level 5 of the Dungeon
  3283 | D:5      | Found a shimmering altar of Xom.
  3332 | D:5      | Found Irathiag's Food Shoppe.
  3404 | D:6      | Reached XP level 7. HP: 36/47 MP: 1/13
  3504 | D:6      | Noticed M4edhros's ghost (novice OpWz)
  3577 | D:5      | Found a sand-covered staircase.
  3636 | Ossuary  | Entered an ossuary
  3765 | Ossuary  | Reached skill level 1 in Slings
  3938 | Ossuary  | HP: 2/47 [water moccasin zombie (4)]
  3951 | Ossuary  | Learned a level 5 spell: Lightning Bolt
  3955 | Ossuary  | Reached skill level 1 in Fighting
  4434 | Ossuary  | Reached XP level 8. HP: 23/55 MP: 14/14
  4732 | D:6      | Found a staircase to the Ecumenical Temple.
  4776 | D:6      | HP: 1/55 [orc warrior/war axe (16)]
  4846 | Temple   | Entered the Ecumenical Temple
  5075 | Temple   | Became a worshipper of Xom of Chaos
  5757 | Temple   | XOM: mild Tloc miscast
  6168 | Temple   | XOM: give mutations
  6168 | Temple   | Gained mutation: Your muscles are strong. (Str +2) [Xom's grace]
  6168 | Temple   | Gained mutation: Your mind is acute. (Int +2) [Xom's grace]
  6782 | Temple   | XOM: give mutations
  6782 | Temple   | Gained mutation: You are somewhat resistant to further mutation. [Xom's grace]
  6782 | Temple   | Gained mutation: Your flesh is heat resistant. (rF+) [Xom's grace]
  6782 | Temple   | Lost mutation: You are somewhat resistant to further mutation. [Xom's grace]
  6782 | Temple   | Gained mutation: You evolve. [Xom's grace]
  7001 | Temple   | Gained mutation: You are partially covered in iridescent scales. (AC +2) [evolution]
  7786 | Temple   | XOM: summons 4 hostile demons
  8085 | Temple   | XOM: god gift: potion of haste
  8742 | Temple   | XOM: god gift: 59 gold pieces
  9395 | Temple   | XOM is BORED!
  9668 | Temple   | XOM: medium Tloc miscast
 10116 | Temple   | XOM: god gift: clouded lead ring {god gift}
 10117 | Temple   | Got a clouded lead ring {god gift}
 10119 | Temple   | Identified the ring of Yfero {rN+ Dex+6} (Xom gifted it to you in the Ecumenical Temple)
 10152 | Temple   | XOM: divination: magic mapping
 10501 | Temple   | XOM: god gift: scroll labeled FILAMI GINI {god gift}
 10503 | Temple   | Identified a scroll of acquirement
 10504 | Temple   | Got a pitted scimitar
 10505 | Temple   | Identified the +7 scimitar of Ugeson {flame, +Inv rPois MR+} (You acquired it in the Ecumenical Temple)
 10513 | Temple   | XOM: give mutations
 10513 | Temple   | Gained mutation: You possess an exceptional clarity of mind. [Xom's mischief]
 10513 | Temple   | Gained mutation: Scrolls take you a little longer to read. [Xom's mischief]
 10513 | Temple   | Lost mutation: Your mind is acute. (Int +2) [Xom's mischief]
 10806 | Temple   | XOM: give mutations
 10806 | Temple   | Gained mutation: Your mind is acute. (Int +2) [Xom's grace]
 10806 | Temple   | Gained mutation: You have a somewhat thin skeletal structure. (Dex +2, Stealth) [Xom's grace]
 10806 | Temple   | Gained mutation: Your muscles are very strong. (Str +4) [Xom's grace]
 10806 | Temple   | Gained mutation: Your system is resistant to poisons. (rPois) [Xom's grace]
 10834 | Temple   | XOM: god gift: sparkling golden ring {god gift}
 10835 | Temple   | Got a sparkling golden ring {god gift}
 10837 | Temple   | Identified the ring "Gynel" {rCorr rElec rC+ MR+} (Xom gifted it to you in the Ecumenical Temple)
 10847 | Temple   | XOM: god gift: 20 arrows
 11095 | Temple   | XOM: cloud trail
 11261 | D:6      | XOM: mild Tloc miscast
 11292 | D:6      | XOM: give mutations
 11292 | D:6      | Lost mutation: Scrolls take you a little longer to read. [Xom's mischief]
 11292 | D:6      | Lost mutation: Your mind is acute. (Int +2) [Xom's mischief]
 11292 | D:6      | Lost mutation: You possess an exceptional clarity of mind. [Xom's mischief]
 11318 | D:6      | XOM: blink monster(s)
 11333 | D:6      | Killed M4edhros's ghost
 11333 | D:6      | Reached skill level 1 in Long Blades
 11333 | D:6      | Reached skill level 5 in Air Magic
 11344 | D:6      | XOM: noise
 11515 | D:5      | Gained mutation: Your mind is acute. (Int +2) [evolution]
 11662 | D:6      | Found a basalt altar of Yredelemnul.
 11663 | D:6      | Found a shadowy altar of Dithmenos.
 11668 | D:6      | Fell from the grace of Xom
 11668 | D:6      | Became a worshipper of Dithmenos the Shadowed
 11958 | D:2      | Found a radiant altar of Vehumet.
 11990 | D:2      | Reached XP level 9. HP: 62/62 MP: 16/16
 12250 | D:2      | Noticed Natasha
 12254 | D:2      | Killed Natasha
 12385 | D:1      | XOM: give mutations
 12385 | D:1      | Lost mutation: Your mind is acute. (Int +2) [Xom's mischief]
 12385 | D:1      | Gained mutation: You are clumsy. (Dex -2) [Xom's mischief]
 12806 | D:2      | Noticed Natasha
 12808 | D:2      | Killed Natasha
 12862 | D:2      | Noticed Natasha
 12868 | D:2      | Killed Natasha
 13027 | D:2      | Found a runed door.
 13031 | D:2      | Noticed Crazy Yiuf
 13040 | D:2      | Killed Crazy Yiuf
 13112 | D:3      | Reached * piety under Dithmenos
 13251 | D:3      | Found a glowing golden altar of the Shining One.
 13493 | D:5      | Found a deep blue altar of Sif Muna.
 13651 | D:5      | Reached skill level 5 in Spellcasting
 13795 | D:5      | Reached skill level 5 in Slings
 14147 | D:6      | XOM: scenery: create altars
 14255 | D:6      | Noticed Edmund
 14268 | D:6      | Killed Edmund
 14306 | D:6      | Found Zozuybb's Food Boutique.
 14521 | D:6      | XOM: medium Tloc miscast
 14655 | D:6      | XOM: mild Pois miscast
 14892 | D:7      | XOM: medium Air miscast
 14903 | D:7      | HP: 1/64 [black bear (9)]
 14903 | D:7      | Slain by a black bear

Vault maps used:
D:1:      minmay_arrival_open_corners
D:2:      vehumet_crystals, interstate_on_off, hangedman_decor_clover_reticule,
          roderic_bali_sauvastika, minmay_misc_feat_columns,
          uniq_crazy_yiuf_cottage, uniq_natasha
D:3:      nicolae_overflow_hidden_temple, nicolae_tso_swordbearing_angel,
          first_bread
D:4:      serial_shops, kennysheep_mini_moat, feat_on_display
D:5:      serial_shops, shop_statue, nicolae_ossuary_entry_giza, basic_altar,
          led_sif_pool
D:6:      gammafunk_temple_overflow_statue, temple_doors_e, serial_shops,
          nicolae_shop_statue_plus, uniq_edmund
D:7:      minmay_guarded_unrand_staff_of_olgreb, uniq_menkaure
Temple:   lightli_temple_of_artemis
Ossuary:  ossuary_tomb_2

Skill      XL: |  1  2  3  4  5  6  7  8  9 |
---------------+----------------------------+-----
Conjurations   | 1 2 3 4 |  4.2
Spellcasting   | 3 4 5 |  5.1
Air Magic      | 3 4 5 |  5.6
Dodging        | 2 3 |  3.2
Slings         | 2 4 5 |  5.4
Fighting       | 1 2 3 |  3.4
Long Blades    | 1 2 |  2.0
Stealth        | |  2.4

Action                   |  1- 3 |  4- 6 |  7- 9 || total
-------------------------+-------+-------+-------++-------
Melee: Unarmed           |    24 |    36 |       ||    60
       Scimitar          |       |       |     9 ||     9
       Short sword       |       |       |    91 ||    91
 Fire: Hunting sling     |       |    26 |   214 ||   240
 Cast: Shock             |    54 |    66 |    32 ||   152
       Static Discharge  |       |     6 |     5 ||    11
       Lightning Bolt    |       |       |     2 ||     2
Evoke: Wand              |       |       |     7 ||     7
  Use: Scroll            |       |     5 |     9 ||    14
       Potion            |       |     1 |     4 ||     5
 Stab: Sleeping          |       |       |     5 ||     5
       Distracted        |       |       |     1 ||     1
  Eat: Chunk             |     1 |     7 |    10 ||    18
       Royal jelly       |       |       |     3 ||     3
       Meat ration       |       |       |     3 ||     3
       Bread ration      |       |       |     1 ||     1
Armor: Robe              |     5 |    14 |    45 ||    64
Dodge: Dodged            |    25 |    36 |   137 ||   198
